 Dungeon Crawl Stone Soup version 0.25-a0-403-g49d089a (webtiles) character file.

Game seed: 17375567775619218293, levelgen mode: deterministic

1444 BlueFish the Insei (level 8, -3/54 HPs)
             Began as an Octopode Transmuter on Jan 10, 2020.
             Was a Follower of Sif Muna.
             Shot with an arrow by a centaur (7 damage)
             ... on level 6 of the Dungeon.
             The game lasted 00:18:34 (5505 turns).

BlueFish the Insei (Octopode Transmuter)            Turns: 5505, Time: 00:18:35

Health: -3/54      AC:  2    Str: 12    XL:     8   Next: 74%
Magic:  10/14      EV: 21    Int: 15    God:    Sif Muna [*.....]
Gold:   297        SH:  3    Dex: 17    Spells: 0/15 levels left

rFire    . . .     SeeInvis +     - Unarmed
rCold    . . .     Gourm    .   (shield currently unavailable)
rNeg     . . .     Faith    .   (helmet currently unavailable)
rPois    x         Spirit   .   d - +3 amulet of reflection
rElec    .         Reflect  +   f - ring of see invisible
rCorr    .         Harm     .   l - ring of wizardry
MR       .....                  (no ring)
Stlth    +++.......             (no ring)
HPRegen  0.18/turn              (no ring)
MPRegen  0.14/turn              (no ring)
                                (no ring)
                                (no ring)

@: spider-form, hasted, very quick
A: tiny, almost no armour, stealthy swim, (amphibious), 8 rings, (constrict 8)
a: End Transformation, Channel Magic, Renounce Religion


You were on level 6 of the Dungeon.
You worshipped Sif Muna.
Sif Muna was aware of your devotion.
You were not hungry.
You were a venomous arachnid creature.
You visited 2 branches of the dungeon, and saw 7 of its levels.

You collected 297 gold pieces.

Inventory:

Hand Weapons
 m - a +0 dagger of holy wrath
 u - a +0 flail of protection
 y - a +2 spear of freezing
Missiles
 a - 65 arrows
Jewellery
 d - a +3 amulet of reflection (around neck)
 f - a ring of see invisible (left front leg)
 l - a ring of wizardry (right front leg)
Wands
 w - a wand of flame (16)
Scrolls
 k - 2 scrolls of teleportation
 t - 2 scrolls of enchant armour
 x - a scroll of remove curse
Potions
 b - 2 potions of agility
 e - 2 potions of haste
 g - 2 potions of curing
 h - a potion of mutation {unknown}
 i - a potion of lignification {unknown}
 j - 2 potions of berserk rage
 n - 4 potions of magic
 o - 2 potions of heal wounds {unknown}
 p - a potion of invisibility {unknown}
 q - a potion of degeneration {unknown}
 s - a potion of resistance {unknown}
 v - a potion of flight
Comestibles
 c - 3 rations
 r - 2 chunks of flesh


   Skills:
 * Level 4.0 Fighting
 * Level 3.4 Dodging
 + Level 4.9 Stealth
 + Level 6.1 Unarmed Combat
 + Level 4.2 Spellcasting
 * Level 4.6 Transmutations
 * Level 1.7 Ice Magic
 + Level 2.0 Poison Magic


You couldn't memorise any spells.
You knew the following spells:

 Your Spells              Type           Power        Failure   Level  Hunger
a - Spider Form           Tmut/Pois      ##........   13%         3    ###....
b - Sticks to Snakes      Tmut           ###.....     5%          2    ##.....
c - Blade Hands           Tmut           ###.......   45%         5    ######.
d - Beastly Appendage     Tmut           ###...       4%          1    None
e - Ice Form              Ice/Tmut       ##......     32%         4    ####...

Your spell library contained the following spells:

 Spells                   Type           Power        Failure   Level  Hunger


Dungeon Overview and Level Annotations

Branches:
Dungeon (6/15)             Temple (1/1) D:4

Altars:
Dithmenos
Hepliaklqana
Kikubaaqudgha
Makhleb
Nemelex Xobeh
Okawaru
Qazlal
Sif Muna
Trog
Vehumet
Wu Jian
Yredelemnul
Zin
The Shining One

Annotations:
D:6 1 transporter


Innate Abilities, Weirdness & Mutations

You cannot wear most types of armour.
You are very stealthy in the water. (Stealth+)
((You are amphibious.))
You can wear up to eight rings at the same time.
((You can use your tentacles to constrict eight enemies at once.))
((Your skin changes colour to match your surroundings (Stealth+).))
((Your rubbery body absorbs attacks. (AC +1, EV +1)))


Message History

Okay, then.
Some of the chunks of flesh in your inventory have rotted away.
Magic restored.
A centaur comes into view.
The centaur shouts!
The centaur wields a +0 shortbow.
The centaur shoots an arrow.
The arrow hits you!
* * * LOW HITPOINT WARNING * * *
You see here an arrow.
The centaur shoots an arrow.
The arrow hits you.
* * * LOW HITPOINT WARNING * * *
You hear a shout!
You see here an arrow.
Casting: Spider Form (safe; 6% risk of failure)
Confirm with . or Enter, or press ? or * to list all spells.
You turn into a venomous arachnid creature.
The centaur shoots an arrow.
The arrow hits you!
* * * LOW HITPOINT WARNING * * *
You feel yourself speed up.
The centaur shoots an arrow.
The arrow hits you!
You die...

.. ...# ..##.##..#
..... ...#
.....##..### ####
...........###..#
...(......###...#
........)##s...<#
#......÷.((.....#
##..c...........###
.........#........#
.................##
......###.......##
[.©... ##......>#
######...#.....###
8.©.8#.........#.#


You could see a centaur.

Vanquished Creatures
  Prince Ribbit (D:6)
  Grinder (D:4)
  A phantom (D:5)
  2 scorpions
  A jelly (D:5)
  2 bullfrog zombies (D:6)
  2 orc wizards
  2 orc priests
  A centaur skeleton (D:4)
  3 hounds
  A bullfrog skeleton (D:4)
  Jessica (D:2)
  3 iguanas (D:5)
  Ijyb (D:4)
  4 worker ants (D:4)
  A hound skeleton (D:6)
  A worker ant zombie (D:6)
  9 adders
  6 gnolls
  2 oozes
  An adder skeleton (D:4)
  2 worms
  A dart slug (D:1)
  3 leopard geckos
  12 orcs
  7 bats
  A giant cockroach (D:3)
  8 goblins
  7 hobgoblins
  2 jackals (D:3)
  3 quokkas
  2 ball pythons
  5 frilled lizards
  7 kobolds
  A quokka zombie (D:6)
  6 rats
113 creatures vanquished.

Notes
Turn   | Place    | Note
-------+----------+-------------------------------------------
     0 | D:1      | BlueFish the Octopode Transmuter began the quest for the
                  | Orb.
     0 | D:1      | Reached XP level 1. HP: 13/13 MP: 3/3
   293 | D:1      | Reached XP level 2. HP: 18/18 MP: 3/5
   628 | D:1      | Learned a level 2 spell: Sticks to Snakes
  1054 | D:2      | Reached XP level 3. HP: 15/23 MP: 4/6
  1059 | D:2      | Reached skill level 1 in Stealth
  1256 | D:2      | Found a basalt altar of Yredelemnul.
  1448 | D:2      | You fall into a shaft and drop 1 floor!
  1464 | D:3      | Reached XP level 4. HP: 25/28 MP: 5/8
  1606 | D:2      | Noticed Jessica
  1617 | D:2      | Killed Jessica
  2135 | D:3      | Reached XP level 5. HP: 33/33 MP: 9/9
  2150 | D:3      | Reached skill level 4 in Unarmed Combat
  2379 | D:3      | Learned a level 5 spell: Blade Hands
  2834 | D:4      | Noticed Grinder
  2850 | D:4      | Found a staircase to the Ecumenical Temple.
  2863 | Temple   | Entered the Ecumenical Temple
  2871 | Temple   | Became a worshipper of Sif Muna the Loreminder
  2903 | D:4      | Reached XP level 6. HP: 27/39 MP: 11/11
  3519 | D:4      | Reached XP level 7. HP: 42/45 MP: 10/12
  3537 | D:4      | Learned a level 3 spell: Spider Form
  3566 | D:4      | Killed Grinder
  3566 | D:4      | Reached skill level 5 in Unarmed Combat
  3680 | D:4      | Noticed Ijyb
  3686 | D:4      | Paralysed by Ijyb for 6 turns
  3699 | D:4      | Killed Ijyb
  3751 | D:4      | Found a sparkling altar of Nemelex Xobeh.
  3945 | D:5      | Entered Level 5 of the Dungeon
  4420 | D:5      | Reached XP level 8. HP: 45/52 MP: 9/13
  4550 | D:5      | Reached skill level 1 in Poison Magic
  4610 | D:5      | Reached * piety under Sif Muna
  4914 | D:5      | Learned a level 4 spell: Ice Form
  5038 | D:6      | Found a transporter.
  5157 | D:5      | Reached skill level 1 in Ice Magic
  5464 | D:6      | Noticed Prince Ribbit
  5487 | D:6      | Killed Prince Ribbit
  5487 | D:6      | Reached skill level 6 in Unarmed Combat
  5505 | D:6      | Shot with an arrow by a centaur

Levels and vault maps discovered:
D:1:      dpeg_arrival_leaves_temple_mockup, layout_basic, dk_noncrumbling_4
D:2:      layout_basic, yredelemnul_altar_generic, uniq_jessica
D:3:      layout_rooms
D:4:      layout_basic, minmay_temple_entry_proselytizer, first_ration,
          nemelex_dance_club_becter, uniq_ijyb, uniq_grinder
D:5:      layout_loops_corners, chequers_mini_garden
D:6:      gammafunk_steamed_eel, layout_cave_pools, xom_redecorated,
          uniq_edmund, uniq_prince_ribbit1, uniq_duvessa
Temple:   nicolae_temple_x_marks_the_god

Skill      XL: |  1  2  3  4  5  6  7  8 |
---------------+-------------------------+-----
Stealth        | 1 2 3 4 |  4.9
Spellcasting   | 3 4 |  4.2
Unarmed Combat | 4 5 6 |  6.1
Fighting       | 2 3 4 |  4.0
Transmutations | 3 4 |  4.6
Poison Magic   | 2 |  2.0
Dodging        | 3 |  3.4
Ice Magic      | 1 |  1.7

Action                   |  1- 3 |  4- 6 |  7- 9 || total
-------------------------+-------+-------+-------++-------
Melee: Unarmed           |    57 |   124 |   162 ||   343
       Constrict         |    13 |    35 |     3 ||    51
       Tentacles         |     4 |    16 |     2 ||    22
       Kick              |     5 |    33 |       ||    38
       Punch             |     1 |     8 |       ||     9
 Cast: Beastly Appendage |    15 |    20 |       ||    35
       Spider Form       |       |       |    26 ||    26
  Use: Scroll            |     4 |     6 |     1 ||    11
       Potion            |     1 |     1 |     1 ||     3
 Stab: Sleeping          |     6 |    11 |     2 ||    19
  Eat: Chunk             |     2 |     6 |     9 ||    17
Armor: Skin              |     4 |     5 |     8 ||    17
Dodge: Dodged            |    36 |    53 |    96 ||   185
Block: Other             |     6 |     8 |    18 ||    32
       Reflection        |     1 |       |       ||     1

Table legend:
 A = Non-vault XP
 B = Vault XP
 C = Vault XP percentage of total XP
 D = Non-vault monster count
 E = Vault monster count
 F = Vault count percentage of total count
                 A         B        C        D         E       F
            +---------+---------+-------+---------+---------+-------
      Total |    1350 |     714 |  34.6 |     106 |       7 |   6.2
            +---------+---------+-------+---------+---------+-------
        D:1 |      26 |       0 |   0.0 |      14 |       0 |   0.0
        D:2 |      59 |      37 |  38.5 |      14 |       1 |   6.7
        D:3 |     145 |       0 |   0.0 |      34 |       0 |   0.0
        D:4 |     384 |     377 |  49.5 |      14 |       5 |  26.3
        D:5 |     515 |       0 |   0.0 |      17 |       0 |   0.0
        D:6 |     221 |     300 |  57.6 |      13 |       1 |   7.1
            +---------+---------+-------+---------+---------+-------
